cohdb
Replays
Latest Replays
All Replays
Popular Replays
Top Player Replays
Match Explorer
How It Works
Community
CoH3 Stats
Reddit
Sign in to upload your games and track your stats! →
Sign in with Steam
Match 27897185
Unlisted
Match 27897185
Overview
Messages
Build Orders
End
Engineer Squad
Construct Barracks
Selects Armored Battlegroup
Selects Armored Battlegroup
Selects Armored Battlegroup
Selects Veteran Crews
1⁄4-ton 4x4 Truck
Riflemen Squad
Riflemen Squad
Riflemen Squad
Infantry Support Center
Construct Medical Station
Selects Fast Deploy
Construct Motor Pool
M8 Greyhound Armored Car
Selects M31 Recovery Vehicle
M8 Greyhound Armored Car
Riflemen Squad
Selects War Machine
M8 Greyhound Armored Car
M24 Chaffee Light Tank
Riflemen Squad
M8 Greyhound Armored Car
M1 Anti-tank Gun Team
M1 Anti-tank Gun Team
ninjayas
WebsterBolek
InSaNiedi
aSIISymbiosis
0
0
Comments
sign in to comment!
No comments posted yet!